 Dungeon Sprint DCSS version 0.05.1-9-g102c974c0d (webtiles) character file.

Game seed: 16086240400030255705, levelgen mode: deterministic

721 diana the Fighter (level 7, -6/51 HPs) Gargoyle Monk. Began on May 31, 2021. Was an Elder of Makhleb. Mangled by a hellwing (12 damage) ... summoned by the player character ... in the Dungeon (Sprint V: "Ziggurat Sprint"). The game lasted 00:02:27 (215 turns).

diana the Fighter (Gargoyle Monk)                    Turns: 215, Time: 00:02:27

Health: -6/51      AC: 33    Str: 26    XL:     7 ^: 169
Magic:  11/12      EV: 12    Int: 11    God:    Makhleb [4* [103]]
Gold:   0          SH:  0    Dex: 12    Spells: 6/6 levels left

rFire    + + .     Vision   .   D - +7 great mace "Firestarter" {inner flame, rF++}
rCold    . . .     Gourm    .   (also wielding the above weapon)
rNeg     + . .     Faith    .   E - +15 Maxwell's patent armour {-Cast -Tele rElec MR+ rCorr}
rPois    ∞         Spirit   .   (no helmet)
rElec    +         Reflect  .   (no cloak)
rCorr    +         Harm     .   (no gloves)
MR       +....     NoTele   +   (no boots) Stlth ..........NoCast +
                                m - amulet "Vecuveops" {rElec Regen+, (Curse: *Drain)} (curse)
HPRegen  0.67/turn              y - ring of strength
MPRegen  0.22/turn              z - ring of strength

@: no status effects
A: negative energy resistance 1, electricity resistance, unbreathing,
petrification resistance, rot immunity, AC +4
a: Minor Destruction, Lesser Servant of Makhleb, Major Destruction, Renounce
Religion


You were in the Dungeon.
You worshipped Makhleb.
Makhleb was greatly pleased with you.
You were not hungry.

You visited 1 branch

Inventory:

Weapons
 a - a +0 mace
 D - the +7 great mace "Firestarter" (weapon) {inner flame, rF++}
   (You found it in the Dungeon)

   Its malleable surface is completely molten, allowing it to meld around and
   partially ignore armour.
   Causes less base damage than a standard weapon; but partially ignores enemy's
   defense and burns causing additional damage to those that don't resist heat.
   It greatly protects you from fire.
 F - the +6 shillelagh "Devastator" {shatter}
   (You found it in the Dungeon)
 J - a +5 demon whip
 K - the +10 dark maul {crush}
   (You found it in the Dungeon)

   It inflicts extra damage upon your enemies.
Armour
 b - a +0 robe
 E - the +15 Maxwell's patent armour (worn) {-Cast -Tele rElec MR+ rCorr}
   (You found it in the Dungeon)

   It insulates you from electricity.
   It affects your resistance to hostile enchantments.
   It prevents spellcasting.
   It prevents most forms of teleportation.
   It provides partial protection from all sources of acid and corrosion.
 H - a +5 crystal plate
 I - +5 gold dragon scales
Magical Staves
 M - the cursed +11 staff of the Sage {wizard, air; rElec Dex+4 Slay+2 Stlth+, (Curse: Fragile)}
   (You found it in the Dungeon)

   [staff of air]

   Base accuracy: +5 Base damage: 5 Base attack delay: 1.2 This weapon's minimum
   attack delay (0.6) is reached at skill level 12.
   This staff decreases the difficulty of casting the spells it enhances.
   It falls into the 'Staves' category.
   It is one handed.
   Its enchantment grants additive spellpower to the spells it enhances.
   It has a curse placed upon it.
   { (Curse: Fragile)}
Jewellery
 m - the cursed amulet "Vecuveops" (around neck) {rElec Regen+, (Curse: *Drain)}
   (You found it in the Dungeon)

   [amulet of regeneration]

   It insulates you from electricity.
   It increases your rate of regeneration.
   It has a curse placed upon it.
   { (Curse: *Drain)}
 u - an uncursed ring of dexterity
 v - an uncursed ring of dexterity
 w - an uncursed ring of intelligence
 x - an uncursed ring of intelligence
 y - a ring of strength (left hand)
 z - a ring of strength (right hand)
Wands
 A - a wand of disintegration (7)
 B - a wand of iceblast (7)
 C - a wand of acid (7)
Scrolls
 i - 4 scrolls of blinking
 p - 4 scrolls of amnesia
 q - 7 scrolls of fog
 r - a scroll of holy word
 s - 5 scrolls of bless item
 t - 2 scrolls of fear
Potions
 d - 10 potions of curing
 e - 10 potions of heal wounds
 f - 6 potions of haste
 g - 7 potions of magic
 h - 3 potions of berserk rage
 j - 2 potions of brilliance
 k - 2 potions of invisibility
 l - 4 potions of resistance
 n - 5 potions of agility
 o - 5 potions of might
Miscellaneous
 G - a lightning rod (4/4)
Comestibles
 c - 7 rations
 L - 3 chunks of flesh


   Skills:
 + Level 9.1 Fighting
 + Level 8.2 Maces & Staves
 + Level 8.3 Armour
 + Level 6.9 Dodging
 - Level 2.1 Stealth
 + Level 7.2 Invocations


You had 6 spell levels left.
You didn't know any spells.
Your spell library was empty.

Dungeon Overview and Level Annotations

Branches:
Dungeon (1/1)

Altars:
Ashenzari
Cheibriados
Dithmenos
Elyvilon
Fedhas Madash
Gozag Ym Sagoz
Hepliaklqana
Kikubaaqudgha
Makhleb
Nemelex Xobeh
Okawaru
Qazlal
Ru
Sif Muna
Trog
Uskayaw
Vehumet
Wu Jian
Xom
Yredelemnul
Zin
The Shining One Bahamut & Tiamat
Beogh
Jiyva
Lugonu

Annotations:
D 1 transporter


Innate Abilities, Weirdness & Mutations

You are resistant to torment.
Your stone body is resilient. (AC +4)
You are immune to poison.
You resist negative energy. (rN+)
You are resistant to electric shocks. (rElec)
You can survive without breathing.
You are immune to petrification.
You are immune to rotting.


Message History

The fiery explosion engulfs you (6). You partially resist.
Makhleb accepts your kill.
You feel better.
Your Fighting skill increases to level 9!
Your Maces & Staves skill increases to level 8!
Your Armour skill increases to level 8!
Your Invocations skill increases to level 7!
The two-headed ogre hits you with a +0 giant club (12)!
* * * LOW HITPOINT WARNING * * *
The two-headed ogre hits you with a +0 giant club (4).
* * * LOW HITPOINT WARNING * * *
The hellwing hits you but does no damage. x2
The troll closely misses you (0).
The troll claws you but does no damage. x2
The two-headed ogre is engulfed in blazing flames (14)!
The hellwing hits you but does no damage.
The hellwing hits you (6).
* * * LOW HITPOINT WARNING * * *
The two-headed ogre is engulfed in blazing flames (10)!
The hellwing hits you (12)!
You die...

▓..©..▓..©..▓▓▓▓▓▓
▓▓▓▓▓▓▓▓▓▓▓▓▓▓
▓..8©8...▓
▓..|[|...▓
▓%..)....▓
▓%§.§....▓
▓%§§T....▓
▓.▓4OO.▓.▓
▓.@.©....▓
▓▓▓▓▓▓▓▓▓▓


You could see 2 two-headed ogres, a hellwing and a troll.

Vanquished Creatures
  A troll (D)
  A polar bear (D)
  2 ice beasts (D)
  A wight (D)
  A crimson imp (D)
  A white imp (D)
  2 bat skeletons (D)
9 creatures vanquished.

Vanquished Creatures (others)
  A lurking horror (D)
1 creature vanquished.

Grand Total: 10 creatures vanquished

Notes
Turn   | Place    | Note
-------+----------+-------------------------------------------
     0 | D        | diana the Gargoyle Monk began the quest for the Orb.
     0 | D        | Reached XP level 1. HP: 14/14 MP: 1/1
     0 | D        | Found a shimmering blue altar of Sif Muna.
     0 | D        | Found a sacrificial altar of Ru.
     0 | D        | Found a bloodstained altar of Trog.
     0 | D        | Found a stormy altar of Qazlal.
     0 | D        | Found an iron altar of Okawaru.
     0 | D        | Found a sparkling altar of Nemelex Xobeh.
     0 | D        | Found a blossoming altar of Fedhas.
     1 | D        | Found the +6 Majin-Bo {vampiric, corrupt archmagi; MP+6
                  | Int+6}
     1 | D        | Found the +9 ballista "Sniper" {velocity, Acc+∞ +Vis}
     1 | D        | Found the +10 dark maul {crush}
     1 | D        | Found the +15 Maxwell's patent armour {-Cast -Tele rElec
                  | MR+ rCorr}
     1 | D        | Found the +18 shield of the Gong {rElec rN+ MR+ EV-5}
     1 | D        | Found the +14 obsidian axe {chop, +Fly +Vis Soulbond}
     1 | D        | Found the +7 great mace "Firestarter" {inner flame, rF++}
     1 | D        | Found the +6 shillelagh "Devastator" {shatter}
     1 | D        | Found the +11 plutonium sword {*Contam Stlth-}
     1 | D        | Found the +8 lance "Wyrmbane" {slay drac, rPois rF+ rC+
                  | AC+3}
     1 | D        | Found the +9 sword of Zonguldrok {reap}
     1 | D        | Found the +13 scythe of Curses {drain, Soulbond}
     1 | D        | Found the +0 sword of Power
     1 | D        | Found the +7 mace of Variability {chain chaos}
     1 | D        | Found the +7 Singing Sword {slice, sonic wave}
     1 | D        | Found the +8 storm bow {elec, penet}
     2 | D        | Found a transporter.
     2 | D        | Found an ancient bone altar of Kikubaaqudgha.
     2 | D        | Found a viscous altar of Jiyva.
     2 | D        | Found a corrupted altar of Lugonu.
     2 | D        | Found a hazy altar of Hepliaklqana.
     2 | D        | Found a burning altar of Makhleb.
     2 | D        | Found an opulent altar of Gozag.
    55 | D        | Became a worshipper of Makhleb the Destroyer
    55 | D        | Reached * piety under Makhleb
    55 | D        | Reached ** piety under Makhleb
   104 | D        | Reached skill level 5 in Fighting
   104 | D        | Reached XP level 2. HP: 21/21 MP: 2/2
   116 | D        | Entered arena 2.
   116 | D        | Found a transporter.
   118 | D        | Reached skill level 5 in Maces & Staves
   118 | D        | Reached skill level 1 in Invocations
   118 | D        | Reached XP level 3. HP: 26/26 MP: 2/4
   133 | D        | Entered arena 3.
   133 | D        | Found a transporter.
   138 | D        | Reached *** piety under Makhleb
   138 | D        | Reached skill level 6 in Fighting
   138 | D        | Reached XP level 4. HP: 26/32 MP: 4/6
   171 | D        | Got the cursed amulet "Vecuveops" {rElec Regen+, (Curse:
                  | *Drain)}
   176 | D        | Entered arena 4.
   176 | D        | Noticed an ice beast
   176 | D        | Noticed an ice beast
   176 | D        | Noticed a polar bear
   176 | D        | Found a transporter.
   183 | D        | Killed a polar bear
   183 | D        | Killed an ice beast
   183 | D        | Reached skill level 5 in Armour
   183 | D        | Reached skill level 5 in Dodging
   183 | D        | Reached XP level 5. HP: 15/37 MP: 6/8
   183 | D        | Killed an ice beast
   183 | D        | Reached skill level 7 in Fighting
   183 | D        | Reached skill level 5 in Invocations
   183 | D        | Reached XP level 6. HP: 28/44 MP: 6/9
   183 | D        | Reached **** piety under Makhleb
   183 | D        | Reached skill level 8 in Fighting
   183 | D        | Reached XP level 7. HP: 32/49 MP: 6/11
   195 | D        | Got the cursed +11 staff of the Sage {wizard, air; rElec
                  | Dex+4 Slay+2 Stlth+, (Curse: Fragile)}
   209 | D        | Entered arena 5.
   209 | D        | Noticed a troll
   209 | D        | Noticed a two-headed ogre
   209 | D        | Noticed a troll
   209 | D        | Noticed a two-headed ogre
   209 | D        | Found a transporter.
   210 | D        | Found the +7 great mace "Undeadhunter" {disrupt, rN+}
   210 | D        | Found the +3 crown of Eternal Torment {rTorment HP-- rN+++
                  | +Vis Soulbond}
   213 | D        | Killed a troll
   213 | D        | Reached skill level 9 in Fighting
   215 | D        | Mangled by a hellwing

Levels and vault maps discovered:
D:        sprint_v [room_start, room_1, room_2, room_3, room_4, room_5, room_6,
          room_7, room_8, room_9, room_10, room_11, room_12, room_13, room_14,
          room_15, room_16, room_17, room_18, room_19, room_20, room_21,
          room_22, room_23, room_24, room_25, room_26, room_27]

Skill      XL: |  1  2  3  4  5  6  7 |
---------------+----------------------+-----
Fighting       | 5 6 7 8 9 |  9.1
Maces & Staves | 4 5 6 7 8 |  8.2
Armour         | 3 4 5 6 7 8 |  8.3
Dodging        | 3 4 5 6 |  6.9
Invocations    | 1 2 4 5 6 7 |  7.2
Stealth        | |  2.1

Action                   |  1- 3 |  4- 6 |  7- 9 || total
-------------------------+-------+-------+-------++-------
Melee: Great mace        |     1 |     5 |     2 ||     8
       Shillelagh        |     3 |       |       ||     3
       Unarmed           |     1 |       |       ||     1
Invok: Lesser Servant of |       |       |     1 ||     1
  Use: Potion            |     1 |       |       ||     1
Armor: Plate armour      |     1 |    14 |    10 ||    25
Dodge: Dodged            |       |    10 |     5 ||    15
